 Dungeon Crawl Stone Soup version 0.26-a0-969-g2c58977ddd (webtiles) character file.

Game seed: 766183493710654038

22826 EiAlmux the Thaumaturge (level 12, -1/70 HPs)
             Began as a Deep Elf Conjurer on Dec 4, 2020.
             Was an Elder of Vehumet.
             Engulfed by a cloud of flame (19 damage)
             ... in a volcano.
             The game lasted 01:07:28 (17793 turns).

EiAlmux the Thaumaturge (Deep Elf Conjurer)        Turns: 17793, Time: 01:07:28

Health: -1/70      AC:  6    Str:  6    XL:     12   Next: 66%
Magic:  10/32      EV: 16    Int: 27    God:    Vehumet [****..]
Gold:   894        SH:  5    Dex: 13    Spells: 22/40 levels left

rFire    . . .     SeeInvis +   g - +3 dagger
rCold    . . .     Faith    +   M - +0 buckler
rNeg     . . .     Spirit   .   G - +1 robe {Archmagi}
rPois    .         Reflect  .   O - +0 helmet
rElec    .         Harm     .   m - +0 cloak
rCorr    .         Rampage  .   (no gloves)
MR       +....                  L - +0 pair of boots
Stlth    +++.......             y - amulet of faith
HPRegen  0.21/turn              e - ring of flight
MPRegen  0.23/turn              p - ring of see invisible

@: brilliant
A: no striking features
a: Renounce Religion, Evoke Flight


You were in a volcano.
You worshipped Vehumet.
Vehumet was greatly pleased with you.
You visited 3 branches of the dungeon, and saw 15 of its levels.
You also visited: Volcano.

You collected 966 gold pieces.
You spent 72 gold pieces at shops.

Inventory:

Hand Weapons
 g - a +3 dagger (weapon)
 r - a +2 dagger of venom
Missiles
 f - 383 stones
Armour
 m - a +0 cloak (worn)
 u - a +1 robe of resistance
 B - +0 acid dragon scales
 G - a +1 robe of the Archmagi (worn)
 L - a +0 pair of boots (worn)
 M - a +0 buckler (worn)
 N - +0 steam dragon scales
 O - a +0 helmet (worn)
 P - the +3 leather armour "Jecol" {+Inv rPois Int+3}
   (You found it on level 1 of the Lair of Beasts)

   It affects your intelligence (+3).
   It protects you from poison.
   It lets you turn invisible.
Jewellery
 e - a ring of flight (left hand)
 p - a ring of see invisible (right hand)
 t - a +6 ring of strength
 y - an amulet of faith (around neck)
 I - an uncursed amulet of magic regeneration {unknown}
Wands
 w - a wand of acid (5)
 z - a wand of iceblast (12)
 H - a wand of disintegration (5)
 K - a wand of flame (14)
Scrolls
 b - 2 scrolls of enchant armour {unknown}
 c - 3 scrolls of fog {unknown}
 k - 2 scrolls of blinking
 l - 9 scrolls of remove curse
 n - 2 scrolls of magic mapping
 o - 4 scrolls of teleportation {unknown}
 s - a scroll of random uselessness {unknown}
 x - 5 scrolls of amnesia {unknown}
 A - a scroll of immolation {unknown}
 C - 2 scrolls of noise {unknown}
 D - 2 scrolls of fear {unknown}
 J - 2 scrolls of holy word {unknown}
 R - a scroll of summoning {unknown}
Potions
 a - a potion of berserk rage {unknown}
 d - 3 potions of flight
 h - 7 potions of curing
 i - 2 potions of cancellation
 j - 2 potions of haste
 q - 2 potions of lignification
 v - 5 potions of degeneration
 E - 4 potions of might
 F - 2 potions of brilliance
 S - a potion of magic {unknown}


   Skills:
 - Level 6.0 Fighting
 - Level 8.0 Dodging
 - Level 6.0 Stealth
 - Level 4.0 Shields
 + Level 14.6 Spellcasting
 + Level 13.4 Conjurations
 - Level 5.0 Hexes
 - Level 3.0 Translocations
 + Level 3.5 Fire Magic
 - Level 4.0 Ice Magic


You had 22 spell levels left.
You knew the following spells:

 Your Spells              Type           Power        Failure   Level
a - Magic Dart            Conj           ####         0%          1
b - Searing Ray           Conj           ######       0%          2
c - Fulminant Prism       Conj/Hex       ########..   1%          4
d - Iskenderun's Mystic   Conj/Tloc      #######.     1%          4
e - Frozen Ramparts       Ice            ######       1%          3
f - Sticky Flame          Conj/Fire      #######.     1%          4

Your spell library contained the following spells:

 Spells                   Type           Power        Failure   Level
 Apportation              Tloc           ######       1%          1
 Corona                   Hex            #######      1%          1
 Confusing Touch          Hex            #######.     1%          3
 Dazzling Flash           Conj/Hex       ######       1%          3
 Animate Skeleton         Necr           #####.       2%          1
 Pain                     Necr           ####         2%          1
 Summon Small Mammal      Summ           ####         2%          1
 Gell's Gravitas          Tloc           ######....   2%          3
 Yara's Violent Unravell  Hex/Tmut       ######....   7%          5
 Vampiric Draining        Necr           #####.....   9%          3
 Metabolic Englaciation   Hex/Ice        #######...   12%         5
 Animate Dead             Necr           #####.....   26%         4
 Petrify                  Tmut/Erth      #####...     26%         4
 Agony                    Necr           #####...     58%         5


Dungeon Overview and Level Annotations

Branches:
Dungeon (11/15)            Temple (1/1) D:7            Lair (3/6) D:10
  Swamp (0/4) Lair:2        Snake (0/4) Lair:2          Orc (0/2) D:11
Volcano (1/1)

Altars:
Ashenzari
Cheibriados
Elyvilon
Fedhas
Gozag
Hepliaklqana
Kikubaaqudgha
Makhleb
Nemelex Xobeh
Okawaru
Qazlal
Ru
Sif Muna
Trog
Vehumet
Wu Jian
Xom
Yredelemnul
Zin
The Shining One
Beogh

Shops:
D:5 *[   D:9 =   D:10 [

Annotations:
D:9 Ring shops, Erolcha
Lair:1 1 runed translucent door, exclusion: door, confidenceinterval's ghost, journeyman MfGl


Message History

In the distance, the volcano erupts with a roar.
You are engulfed in blazing flames.
The ogre mage is engulfed in blazing flames.
Your fulminant prism crackles loudly.
You are engulfed in blazing flames.
* * * LOW HITPOINT WARNING * * *
The ogre mage is engulfed in blazing flames.
Your fulminant prism explodes!
You hear two shouts!
You hear a roar!
Okay, then.
You feel clever all of a sudden.
Casting: Fulminant Prism (safe; 1% risk of failure)
Confirm with . or Enter, or press ? or * to list all spells.
Aiming: Fulminant Prism (safe; 1% risk of failure)
Press: ? - help, Dir - move target You feel a strong surge of power!
You conjure a prism of explosive energy!
A fulminant prism comes into view.
You are engulfed in blazing flames.
You die...

§§###○○°°○###≈≈
§§§§≈.°°°.≈≈≈§≈
°°§≈°8°°.8°§≈§#
§°°≈≈°*.O.§≈###
##°°°°°°°.≈≈#
#○≈≈8°°.8≈##
####°°)○○##
#...○°# #8°)@8#
#°○°°°# #..°°°#
#8.°°8# #..)..#
#.....# #8...8#
#.....# #.....#


You could see an ogre mage and a friendly fulminant prism.

Vanquished Creatures
  Josephine (D:10)
  Harold (D:11)
  3 hydras
  4 two-headed ogres
  Pikel (D:8)
  An ugly thing (D:11)
  2 elephants
  2 black mambas
  Psyche (D:9)
  Maggie (D:7)
  2 cane toads (Lair:2)
  A rime drake (Lair:3)
  7 komodo dragons
  2 trolls
  Prince Ribbit (D:8)
  Sigmund (D:4)
  13 yaks
  4 wraiths (D:10)
  3 basilisks
  3 wyverns
  A warg (D:11)
  6 vampire mosquitoes (Lair:2)
  A steam dragon (D:10)
  3 nagas (Lair:2)
  Duvessa (D:7)
  5 water moccasins
  5 orc warriors
  2 sky beasts
  2 ice beasts
  2 black bears (D:10)
  2 eyes of draining
  An ogre (D:11)
  7 wolves (Lair:2)
  A phantom (D:8)
  3 centaurs
  7 bullfrogs
  A gnoll sergeant (D:9)
  7 scorpions
  Dowan (D:7)
  11 killer bees (D:11)
  3 wights (D:10)
  A howler monkey (D:4)
  A bullfrog zombie (D:5)
  2 centaur zombies
  A quasit (D:11)
  4 jellies
  7 orc priests
  4 hounds
  13 orc wizards
  A bullfrog skeleton (D:8)
  Jessica (D:2)
  4 iguanas
  11 worker ants
  A killer bee zombie (D:8)
  A hound zombie (D:4)
  A worker ant zombie (D:5)
  5 gnolls (D:9)
  9 adders
  3 shadow imps
  2 oozes
  2 ufetubi
  An adder zombie (D:8)
  5 worms
  7 dart slugs
  3 leopard geckos
  66 orcs
  A ball python (D:1)
  5 giant cockroaches
  12 goblins
  13 hobgoblins
  6 jackals (D:6)
  10 kobolds
  2 quokkas (D:2)
  10 bats
  7 frilled lizards
  A leopard gecko zombie (D:5)
  8 rats
357 creatures vanquished.

Vanquished Creatures (others)
  66 fulminant prisms
  15 fungi
  21 plants
102 creatures vanquished.

Grand Total: 459 creatures vanquished

Notes
Turn   | Place    | Note
-------+----------+-------------------------------------------
     0 | D:1      | EiAlmux the Deep Elf Conjurer began the quest for the Orb.
     0 | D:1      | Reached XP level 1. HP: 10/10 MP: 6/6
   149 | D:1      | Reached XP level 2. HP: 15/15 MP: 5/8
   152 | D:1      | Learned a level 2 spell: Searing Ray
   462 | D:1      | Reached skill level 5 in Conjurations
   481 | D:1      | Reached XP level 3. HP: 19/19 MP: 2/10
  1137 | D:2      | Found a faded altar of an unknown god.
  1711 | D:2      | Reached XP level 4. HP: 24/24 MP: 7/11
  1752 | D:2      | Learned a level 4 spell: Fulminant Prism
  1768 | D:2      | Reached skill level 4 in Spellcasting
  2132 | D:2      | Noticed Jessica
  2134 | D:2      | Killed Jessica
  2135 | D:2      | Reached skill level 1 in Hexes
  2462 | D:3      | Reached XP level 5. HP: 28/28 MP: 5/13
  3622 | D:4      | Reached XP level 6. HP: 32/32 MP: 0/15
  3898 | D:4      | Reached skill level 5 in Spellcasting
  4078 | D:4      | Found a broken altar of Ashenzari.
  4083 | D:4      | Found an ancient bone altar of Kikubaaqudgha.
  4488 | D:4      | Noticed Sigmund
  4495 | D:4      | Killed Sigmund
  4496 | D:4      | Reached XP level 7. HP: 30/36 MP: 8/17
  4752 | D:5      | Entered Level 5 of the Dungeon
  4906 | D:5      | Reached skill level 6 in Spellcasting
  5149 | D:5      | Reached skill level 5 in Hexes
  5411 | D:5      | Found Hott's Armour Boutique.
  5444 | D:5      | Found a broken altar of Ashenzari.
  5621 | D:5      | Found Ustrekkyune's General Store.
  5629 | D:5      | Bought a potion of curing for 36 gold pieces
  5629 | D:5      | Bought a potion of curing for 36 gold pieces
  5746 | D:6      | Reached skill level 1 in Fighting
  5770 | D:6      | Reached XP level 8. HP: 40/43 MP: 7/20
  5937 | D:6      | Reached skill level 7 in Spellcasting
  6208 | D:6      | Learned a level 4 spell: Iskenderun's Mystic Blast
  6295 | D:6      | Reached skill level 1 in Translocations
  6703 | D:6      | Found a shimmering altar of Xom.
  6959 | D:6      | Reached skill level 8 in Spellcasting
  7396 | D:7      | Noticed Maggie
  7492 | D:7      | Killed Maggie
  7493 | D:7      | Reached XP level 9. HP: 51/51 MP: 8/23
  7556 | D:7      | Noticed Duvessa
  7846 | D:7      | Found a staircase to the Ecumenical Temple.
  7856 | Temple   | Entered the Ecumenical Temple
  7977 | Temple   | Became a worshipper of Vehumet
  8209 | D:7      | Noticed Dowan
  8215 | D:7      | Killed Dowan
  8294 | D:7      | Killed Duvessa
  8734 | D:8      | Noticed Pikel
  8741 | D:8      | Killed Pikel
  8742 | D:8      | Reached skill level 9 in Spellcasting
  8796 | D:8      | Noticed Prince Ribbit
  9328 | D:8      | Killed Prince Ribbit
  9351 | D:8      | Reached skill level 10 in Spellcasting
  9565 | D:8      | Found a white marble altar of Elyvilon.
  9776 | D:9      | Noticed a troll
  9786 | D:9      | Killed a troll
  9787 | D:9      | Reached skill level 5 in Fighting
  9787 | D:9      | Reached skill level 10 in Conjurations
  9897 | D:9      | Found Pahogech's Jewellery Shoppe.
  9903 | D:9      | Noticed a two-headed ogre
  9911 | D:9      | Killed a two-headed ogre
  9912 | D:9      | Reached XP level 10. HP: 59/59 MP: 6/26
  9980 | D:9      | Noticed Psyche
  9988 | D:9      | Killed Psyche
 10073 | D:9      | Reached * piety under Vehumet
 10073 | D:9      | Offered knowledge of Freeze by Vehumet.
 10131 | D:9      | Noticed Erolcha
 10728 | D:9      | Reached skill level 11 in Spellcasting
 10775 | D:9      | Offered knowledge of Shock by Vehumet.
 10856 | D:9      | Found a roughly hewn altar of Beogh.
 11135 | D:10     | Entered Level 10 of the Dungeon
 11237 | D:10     | Reached ** piety under Vehumet
 11272 | D:10     | Reached skill level 1 in Shields
 11295 | D:10     | Noticed Josephine
 11312 | D:10     | Killed Josephine
 11563 | D:10     | Found a staircase to the Lair.
 11605 | D:10     | Noticed an elephant
 11617 | D:10     | Killed an elephant
 11618 | D:10     | Reached XP level 11. HP: 39/64 MP: 11/28
 12244 | D:10     | Found Icuvyoj's Armour Emporium.
 12267 | D:10     | Reached skill level 12 in Spellcasting
 12423 | D:11     | Found a glowing golden altar of the Shining One.
 12531 | D:11     | Noticed a white ugly thing
 12544 | D:11     | HP: 3/64 [killer bee (9)]
 12550 | D:11     | Offered knowledge of Frozen Ramparts by Vehumet.
 12708 | D:11     | Learned a level 3 spell: Frozen Ramparts
 12971 | D:11     | Noticed Harold
 13029 | D:11     | Reached *** piety under Vehumet
 13036 | D:11     | Reached skill level 1 in Ice Magic
 13279 | D:11     | Reached skill level 5 in Dodging
 13292 | D:11     | Offered knowledge of Inner Flame by Vehumet.
 13440 | D:11     | Killed a white ugly thing
 13576 | D:11     | Killed Harold
 13668 | D:11     | Noticed a four-headed hydra
 13677 | D:11     | Killed a four-headed hydra
 13750 | D:11     | Found a staircase to the Orcish Mines.
 13812 | D:11     | Reached **** piety under Vehumet
 14290 | Lair:1   | Entered Level 1 of the Lair of Beasts
 14360 | Lair:1   | Reached skill level 13 in Spellcasting
 14576 | Lair:1   | Found a runed translucent door.
 14584 | Lair:1   | Noticed confidenceinterval's ghost (journeyman MfGl)
 14586 | Lair:1   | Identified the cursed +1 spear of Ravage {freeze, +Fly
                  | Str+4 Dex+5}
 15274 | Lair:1   | Got a steaming leather armour
 15846 | Lair:1   | Identified the +3 leather armour "Jecol" {+Inv rPois Int+3}
                  | (You found it on level 1 of the Lair of Beasts)
 15900 | Lair:2   | Noticed an eight-headed hydra
 16062 | Lair:2   | Reached XP level 12. HP: 68/70 MP: 27/31
 16093 | Lair:2   | Found a staircase to the Snake Pit.
 16231 | Lair:2   | Offered knowledge of Sticky Flame by Vehumet.
 16520 | Lair:2   | Killed an eight-headed hydra
 16521 | Lair:2   | Reached skill level 14 in Spellcasting
 16526 | Lair:2   | Learned a level 4 spell: Sticky Flame
 16649 | Lair:2   | Reached skill level 1 in Fire Magic
 16942 | Lair:2   | Noticed a five-headed hydra
 16960 | Lair:2   | Killed a five-headed hydra
 17379 | Lair:2   | Reached skill level 5 in Stealth
 17412 | Lair:2   | Found a staircase to the Swamp.
 17600 | Lair:3   | Found a dark tunnel.
 17610 | Volcano  | Entered a volcano
 17669 | Volcano  | Noticed an ogre mage
 17669 | Volcano  | Paralysed by an ogre mage for 7 turns
 17680 | Volcano  | Noticed a two-headed ogre
 17705 | Volcano  | Noticed a two-headed ogre
 17710 | Volcano  | Noticed a two-headed ogre
 17715 | Volcano  | Killed a two-headed ogre
 17720 | Volcano  | Killed a two-headed ogre
 17738 | Volcano  | Killed a two-headed ogre
 17793 | Volcano  | Engulfed by a cloud of flame

Illustrated notes

Levels and vault maps discovered:
D:1:      saegor_arrival_simple_b, layout_loops_cross, minmay_cupped
D:2:      layout_basic, chequers_ecumenical_altar_simple, uniq_jessica
D:3:      layout_loops_ring
D:4:      layout_loops_corners, minitemple, nrook_campfire,
          minmay_fractal_squares_5, uniq_sigmund
D:5:      layout_cave_pools, serial_shops, shop, nicolae_shop_trees,
          cheibrodos_ashenzari_chains
D:6:      layout_basic, overflow_temple_1_default
D:7:      layout_loops_cross, minmay_temple_entry_waves, uniq_maggie,
          uniq_duvessa
D:8:      layout_cave_pools, elyvilon_altar_5, uniq_prince_ribbit1, uniq_pikel
D:9:      layout_basic, serial_shops, shop, special_room [special_room_orc],
          uniq_psyche, uniq_erolcha
D:10:     layout_basic, david_lair_generic, serial_shops, kennysheep_little_box,
          uniq_josephine
D:11:     layout_small_grid, erik_orc_4, nicolae_tso_carved_into_rock,
          uniq_harold
Temple:   hc_temple_tempest_star
Lair:1:   layout_layer_cave, ebering_ghost_funeral_grove
Lair:2:   layout_gridlike, minmay_swamp_entry_swarm,
          minmay_snake_entry_guardpost_small, hangedman_lair_generics_rect
Lair:3:   layout_chaotic_city, nicolae_volcano_entry_hallway, zaba_antful_of_joy
Volcano:  kennysheep_volcano_temple

Skill      XL: |  1  2  3  4  5  6  7  8  9 10 11 12 |
---------------+-------------------------------------+-----
Stealth        | 3 4 6 |  6.0
Conjurations   | 5 6 7 8 10 11 12 13 | 13.4
Spellcasting   | 4 5 6 8 10 11 13 14 | 14.6
Hexes          | 1 3 4 5 |  5.0
Dodging        | 3 4 7 8 |  8.0
Fighting       | 1 3 5 6 |  6.0
Translocations | 3 |  3.0
Shields        | 3 4 |  4.0
Ice Magic      | 4 |  4.0
Fire Magic     | 3 |  3.5

Action                   |  1- 3 |  4- 6 |  7- 9 | 10-12 || total
-------------------------+-------+-------+-------+-------++-------
Melee: Dagger            |       |     2 |    12 |     3 ||    17
 Cast: Magic Dart        |    70 |   104 |   187 |   271 ||   632
       Searing Ray       |     3 |    13 |    39 |    74 ||   129
       Fulminant Prism   |       |       |    16 |    51 ||    67
       Iskenderun's Myst |       |       |     8 |    23 ||    31
       Frozen Ramparts   |       |       |       |    15 ||    15
  Use: Scroll            |       |     4 |     3 |     9 ||    16
       Potion            |       |       |     3 |     3 ||     6
Armor: Robe              |     2 |     2 |     6 |    16 ||    26
Dodge: Dodged            |     4 |    16 |    44 |    82 ||   146
Block: Buckler           |       |       |       |    23 ||    23

Table legend: (Time is in decaauts)
 A = Elapsed time spent in this place.
 B = Non-inter-level travel time spent in this place.
 C = Inter-level travel time spent in this place.
 D = Time resting spent in this place.
 E = Time spent auto-exploring this place.
 F = Levels seen in this place.
 G = Mean time per level.
                   A        B        C        D        E       F      G
               +--------+--------+--------+--------+--------+-----+--------+
         Total |  17804 |  17236 |    568 |   2680 |  11876 |  16 | 1112.8 |
       Dungeon |  14263 |  13778 |    485 |   2439 |   9228 |  11 | 1296.6 |
        Temple |    142 |    123 |     19 |      0 |    116 |   1 |  142.0 |
          Lair |   3215 |   3151 |     64 |    164 |   2532 |   3 | 1071.7 |
       Volcano |    182 |    182 |      0 |     77 |      0 |   1 |  182.0 |
               +--------+--------+--------+--------+--------+-----+--------+

Top non-repeatable levels by time:
    D:11: 1867 daAuts
     D:4: 1725 daAuts
  Lair:2: 1665 daAuts
  Lair:1: 1458 daAuts
     D:9: 1447 daAuts
     D:6: 1348 daAuts
     D:7: 1343 daAuts
    D:10: 1339 daAuts
     D:1: 1136 daAuts
     D:2: 1091 daAuts
     D:8: 1013 daAuts
     D:3: 995 daAuts
     D:5: 955 daAuts
 Volcano: 182 daAuts
  Temple: 142 daAuts
